[Event "EU-ch 12th"]
[Site "Aix les Bains"]
[Date "2011.03.22"]
[Round "1"]
[White "Volokitin, Andrei"]
[Black "Benitah, Yohan"]
[Result "1-0"]
[ECO "C11"]
[WhiteElo "2677"]
[BlackElo "2401"]
[Annotator "Marchand,A/Primel,D"]
[PlyCount "107"]
[EventDate "2011.03.22"]
[EventType "swiss"]
[EventRounds "11"]
[EventCountry "FRA"]
[SourceTitle "CBM 142 Extra"]
[Source "ChessBase"]
[SourceDate "2011.06.27"]
[SourceVersion "1"]
[SourceVersionDate "2011.06.27"]
[SourceQuality "1"]
[TimeControl "40/5400+30:1800+30"]

1. e4 e6 2. d4 d5 3. Nc3 Nf6 4. e5 Nfd7 5. f4 c5 6. Nf3 Nc6 7. Be3 Qb6 (7... a6
8. Qd2 Qb6 9. O-O-O Qa5 10. dxc5 (10. Kb1) 10... Nxc5 11. Kb1 b5 $13) (7... Be7
8. Qd2 O-O 9. Be2 (9. dxc5 Bxc5 (9... Qa5 10. O-O-O b6 11. Bb5 Bb7 12. Kb1 Kh8
13. Nd4 $13) 10. O-O-O Qa5 (10... b6)) 9... b6 10. O-O f6 11. exf6 Nxf6) 8. Na4
Qa5+ 9. c3 c4 10. b4 Qb5 (10... Nxb4 11. cxb4 Bxb4+ 12. Kf2 b5 13. a3 Be7 14.
Nc5 Qc7 (14... Qb6 15. Nxd7 Bxd7 16. Be2 a5 17. Qd2 O-O 18. f5 exf5 19. Bg5
Bxg5 20. Qxg5 b4 21. Qe7 Be6 22. Qc5 Rab8 23. axb4 axb4 24. Qxb6 Rxb6 25. Ke3
b3 26. Rab1 Ra8 27. Rhc1 Ra2 28. Bf1 h6 29. h4) 15. Nxd7 Bxd7 16. Qc2 Qb6 17.
Be2 a5 18. g4 Rc8 19. f5 b4 20. axb4 axb4 21. fxe6 fxe6 22. Rhc1 b3 23. Qb2 O-O
24. Bd2 Be8 25. Ba5 Qb5 26. Kg3 Bg6 27. Bc3 Rf7 {Simon,O (2342)-Metral,J (2039)
/Issy les Moulineaux 2011/EXT 2012/[RR]/1-0 (49)}) (10... Qc7 {La grande ligne}
) 11. Nc5 a5 $1 (11... Ne7 12. Be2 Nf5 13. Bf2 Be7 14. a4 Qc6 15. Nxd7 Bxd7 16.
g4 Nh6 17. h3 f5 18. g5 Ng8 19. Nd2 O-O-O 20. Bf3 Kb8 21. Qe2 Bc8 22. Nf1 Bf8
23. Be3 Ne7 24. h4 Qc7 25. Kf2 a5 26. b5 {Nijboer,F (2571)-Benitah,Y (2398)/
Cappelle la Grande 2006/CBM 110 ext/1/2-1/2 (86)}) 12. a3 $5 {la tentative
d'amélioration du top GMI sur une vieille partie de son adversaire} (12. a4
Qb6 {Mastrovasilis,D (2522)-Benitah,Y (2420) FRA-chT2 0304a 2003 (8.3) 1-0})
12... Ne7 (12... axb4 13. axb4 Rxa1 14. Qxa1 Be7) 13. Be2 Nf5 14. Bf2 a4 $6 {
Les Noirs préparent le ooo mais ils auront une position assez passive} 15. Qc2
b6 16. Nxd7 Bxd7 17. g4 Nh6 18. Ng5 $14 g6 (18... O-O-O) 19.
h4 O-O-O 20. h5 $36 Bg7 $6 (20... Be8 $1 )
21. hxg6 hxg6 22. Rxh6 $1 Rxh6 (22... Bxh6 23. Nxf7) 23. Nxf7 Rh1+ (23... Be8
24. Nxh6 Bxh6 25. f5) 24. Bf1 (24. Kd2 $1 Rxa1 25. Nd6+) 24... Be8 25. Nxd8
Kxd8 26. Bg3 Rh8 27. O-O-O Qd7 28. Bg2 Qf7 29. Rf1 Bd7 30. Qd1 Kc7 31. Rh1 Qf8
32. Rxh8 Qxh8 33. Qh1 Bh6 34. Kd2 Qf8 35. Ke3 Kc6 36. Qh4 b5 37. Bf3 (37. Bh3 ) 37... Kb6 38. Qf6 $1 Qxf6 39. exf6 Be8 40. g5 Bf8 41. f5 $1 gxf5
42. Be5 $44 Kc6 43. Kf4 Bg6 44. Kg3 Bd6 $2 {Les Noirs vont garder un trés
mauvais B} 45. Bxd6 Kxd6 46. Kf4 Kd7 47. Ke5 Bf7 48. Bxd5 exd5
49. Kxf5 Bh5 50. g6 Ke8 51. Kg5 Bf3 52. f7+ Ke7 53. Kh6 Kf8 54. g7+ {Dominique
PRIMEL} 1-0

[Event "Sautron op 15th"]
[Site "Sautron"]
[Date "2015.10.24"]
[Round "7.4"]
[White "Stets, Dmitry"]
[Black "Libiszewski, Fabien"]
[Result "0-1"]
[ECO "C11"]
[WhiteElo "2432"]
[BlackElo "2523"]
[Annotator "Primel,D"]
[PlyCount "54"]
[EventDate "2015.10.24"]
[EventType "swiss"]
[EventRounds "9"]
[EventCountry "FRA"]
[SourceTitle "CBM 169 Extra"]
[Source "ChessBase"]
[SourceDate "2015.12.18"]
[SourceVersion "1"]
[SourceVersionDate "2015.12.18"]
[SourceQuality "1"]
[TimeControl "40/5400+30:1800+30"]
[WhiteClock "0:19:56"]
[BlackClock "0:19:41"]

1. e4 e6 2. d4 d5 3. Nc3 Nf6 4. e5 Nfd7 5. f4 c5 6. Nf3 Be7 {[%emt 0:00:15] Beaucoup moins souvent joué que Nc6} (6...
Nc6 7. Be3 a6 8. Qd2 Qc7 9. dxc5 Bxc5 10. Bxc5 Nxc5 11. O-O-O O-O 12. Qe3 b6
13. Bd3 Nxd3+ 14. Rxd3 Na5 15. b3 Bb7 16. Nd4 Rac8 17. Kb1 b5 18. Qh3 b4 19.
Nce2 Kh8 20. g4 Nc6 21. Qh4 Qe7 22. g5 f5 23. Rh3 h6 24. Rg1 Nxd4 25. Nxd4 Rc3
26. gxh6 g5 27. fxg5 {1-0 (27) Anand,V (2803)-Zvjaginsev,V (2660) Berlin 2015})
7. Be3 b6 8. Qd2 (8. Bd3 {Perd un tempo} Ba6) (8. Be2 Ba6 9. O-O Bxe2 10. Nxe2 $14 {Karjakin,S 
(2780)-Hou,Y (2603) Tata Steel-A 75th 2013 (1) 1-0}) 8... O-O 9. Ne2 $6 $146 (9. Nd1 Nc6 10. c3 a5 {Caruana,F (2808)
-Peralta,F (2590) Baku ol (Men) 42nd 2016 (3.8) 1-0}) (9. h4 $1 Nc6 10. Bb5 Qc7
11. O-O-O a6 12. Bd3 {Kramnik,V (2812)-Buhmann,R (2653) Dortmund 44th 2016 (3)
1/2} (12. Bxc6 {N.I.C 6/2016} Qxc6 13. f5 {Kramnik})) 9... Ba6 10. O-O-O Nc6 11. h4 Bxe2 $5 12. Bxe2 c4 {[%emt 0:01:23] L'idée de cette
variante b6} (12... cxd4 13. Nxd4 Rc8) 13. Ng5 {[%emt 0:06:24] Un plan
probablement trop lent} (13. g4 b5 14. f5 b4 15. Kb1 Qa5 $132 ) 13... b5 14. Bg4 b4 15. Kb1 Nb6 (15... Qa5 ) 16. f5 exf5 17. Bxf5 g6 18. Qe2 $1 Na4 (
18... gxf5 19. Qh5 Bxg5 20. hxg5 $18) 19. Ka1 Qa5 {[%emt 0:04:
02] La position est trés tendue avec des chances réciproques} 20. Nxh7 $6 {
[%emt 0:02:13][%cal Gf5h7,Gh4h5] Les Blancs avaient pourtant encore presqu'une
heure à la pendule et cette position critique méritait davantage de calcul} (
20. Bd7 $1 Nc3 21. bxc3) 20... Nc3 $1 {[%emt 0:01:
10][%cal Gc3a2,Gc3e2] La différence est le fait que les Noirs ont un double
attaque et les Blancs sont donc obligés d'accepter le sacrifice} 21. bxc3 bxc3 22. Rb1 Rab8 23. Nf6+ Bxf6 24. Bd7 (24. exf6 Nb4 ) 24... Nb4 25. a4 Rfd8 26. Qg4 Nxc2+ 27. Ka2 Rb4 0-1

[Event "Rohde op 12th"]
[Site "Sautron"]
[Date "2012.11.01"]
[Round "7"]
[White "Pancevski, Filip"]
[Black "Ulybin, Mikhail"]
[Result "1/2-1/2"]
[ECO "C11"]
[WhiteElo "2482"]
[BlackElo "2529"]
[Annotator "RR"]
[PlyCount "41"]
[EventDate "2012.10.27"]
[EventType "swiss"]
[EventRounds "9"]
[EventCountry "FRA"]
[SourceTitle "EXT 2014"]
[Source "ChessBase"]
[SourceDate "2013.11.20"]
[SourceVersion "1"]
[SourceVersionDate "2013.11.20"]
[SourceQuality "1"]
[TimeControl "40/5400+30:1800+30"]
[WhiteClock "1:30:00"]
[BlackClock "1:30:00"]

1. e4 e6 2. d4 d5 3. Nc3 Nf6 4. e5 Nfd7 5. f4 c5 6. Nf3 Nc6 7. Be3 Be7 (7... a6) 8. Be2 O-O 9. O-O (9. Qd2) 9... b6 ({RR} 9... a6 10. Qd2 b5 11. Nd1 b4 12.
Nf2 a5 13. dxc5 Bxc5 14. Bxc5 Nxc5 15. Bd3 Ba6 16. Qe3 Bxd3 17. cxd3 Na4 18.
Rab1 Ne7 19. Rfc1 Qd7 20. Nd4 Rfc8 21. Nd1 Rxc1 22. Rxc1 Rc8 23. Kf1 h5 24. Qd2
{Kamsky,G (2745)-Morozevich,A (2610)/Amsterdam 1996/CBM 055/1/2-1/2 (60)}) (
9... f6) 10. Qe1 {[%emt 0:11:45] Une ligne secondaire trés peu jouée} (10. Qd2
f6 11. exf6 Nxf6 12. Kh1) 10... f5 (10... f6) (10... Bb7) 11.
exf6 Nxf6 12. Rd1 $146 ({RR
} 12. Bb5 Nb4 13. Rc1 a6 14. Be2 Ng4 15. Bd2 Nc6 16. Nd1 Nf6 17. c3 Ne4 18. Bd3
Nxd2 19. Qxd2 Bf6 20. Bb1 Qd6 21. Nf2 g6 22. h4 Bd7 23. Ng4 Bg7 24. Nfe5 Qe7
25. Nxc6 Bxc6 26. g3 Bb5 {Brkic,A (2606)-Tratar,M (2477)/Bol 2011/CBM 144
Extra/1/2-1/2 (62)}) 12... Ng4 $11 13. Bc1 cxd4 14. Nxd4 Nxd4 15. Bxg4 Bc5 16. Kh1 Qf6 17. Rf2 Nf5 18. Re2 Nd4 (18... Qh6 $5 ) 19. Rf2 Nf5 20. Re2 Nd4 21. Rf2 1/2-1/2

[Event "Sautron op 16th"]
[Site "Sautron"]
[Date "2016.10.29"]
[Round "9.7"]
[White "Bogdanov, Egor"]
[Black "Manea, Alexandru"]
[Result "0-1"]
[ECO "C11"]
[WhiteElo "2400"]
[BlackElo "2382"]
[Annotator "RR"]
[PlyCount "108"]
[EventDate "2016.10.22"]
[EventType "swiss"]
[EventRounds "9"]
[EventCountry "FRA"]
[SourceTitle "EXT 2019"]
[Source "ChessBase"]
[SourceDate "2018.10.10"]
[SourceVersion "1"]
[SourceVersionDate "2018.10.10"]
[SourceQuality "1"]
[TimeControl "40/5400+30:1800+30"]
[WhiteClock "0:43:02"]
[BlackClock "0:08:23"]

1. e4 e6 2. d4 d5 3. Nc3 Nf6 4. e5 Nfd7 5. f4 c5 6. Nf3 Nc6 7. Be3 Qb6 8. Na4 Qa5+ 9. c3 cxd4 10. b4 Nxb4 {[%emt 0:01:58] Il y a beaucoup
de théorie avec ce gambit qui donne des compensations raisonnables aux Noirs.}
11. cxb4 Bxb4+ 12. Bd2 Bxd2+ 13. Nxd2 b6 (13... O-O) 14.
Be2 (14. Bd3 Ba6 15. Nb2 Nc5 16. Bxa6 Qxa6 17. Qe2 Qa3 18.
Qb5+ Ke7 19. O-O Qe3+ 20. Rf2 Rhc8 21. Raf1 g6 22. Nb3 Nxb3 23. Nd1 Qe4 24.
axb3 Rc5 25. Qa6 Kf8 26. Rd2 Kg7 27. Qa4 Qb1 28. Rxd4 Rc1 29. g4 Qc2 30. Qb4
Rb1 31. f5 gxf5 32. gxf5 Kh8 33. Kh1 Qe2 34. Qe1 Qxe1 35. Rxe1 Rxb3 36. Ne3 a5
37. Ng4 Rc8 38. Nf6 Rh3 39. fxe6 Rc2 40. Rg4 Rcxh2+ 41. Kg1 Rh1+ 42. Kf2 R1h2+
43. Rg2 fxe6 {Zhigalko,S (2671)-Podolchenko,E (2516) Minsk 2011 1-0}) 14... Nc5 15. Nxc5 $6 $146 {[%emt 0:00:18] Renforce le centre} (15. Nb2
{Feliciano Ebert,V (2224)-Cubas,J (2537) Blumenau Santa Catarina Cup 2nd 2013 
(7) 0-1}) 15... bxc5 16. O-O O-O 17. Nb3 Qb6 18.
Kh1 d3 $1 19. Bxd3 (19. Bf3
c4 20. Nd2 c3 21. Nb3 Ba6 $36 ) 19... c4 {[%emt 0:00:04]
Illustrant le problème d'avoir joué Nc5} 20. Bxh7+ $1 Kxh7 21. Qh5+ Kg8 22. Rf3 cxb3 23. Rh3 $44 f5 24. exf6 Rxf6 25. Qh8+ Kf7 26. Rg3 Ke7 27.
Rxg7+ Kd6 28. axb3 $44 Bb7 29. Qh7 (29. Qh4 $5 Raf8
30. Qh7 Rxf4 31. Rd7+ Kc5 32. Rc1+ Kb4 33. Qd3 $13 ) 29...
Bc6 30. Rgxa7 Rxa7 31. Rxa7 Rxf4 32. Qe7+ Ke5 33. Qg5+ Ke4 34. Qg6+ Ke5 35. Qg5+ Ke4 36. Qg6+ Kd4 37. Ra1 Qa6 38. Qg7+ e5 39. Rd1+ Kc5 40. Qe7+ (40. Qxe5 Rf1+)
40... Kb6 41. Qd8+ Ka7 42.
Qc7+ Bb7 $19 {[%emt 0:00:10][%csl Ga7] L'attaque Blanche
s'essoufle et le centre Noir va faire la différence} 43. Qc5+ Ka8 44. Qg1 Qb5 45. h3 d4 46. Qe1 Qd5 47. Qg3 Rf8 48. Rg1 Rg8 49. Qf2 d3 50. Ra1+ Kb8 51. Qa7+ Kc8 52. Rc1+ Kd7 53. Qa4+ Bc6 54. Qa7+ Ke6 0-1

[Event "Sautron op 15th"]
[Site "Sautron"]
[Date "2015.10.24"]
[Round "3.3"]
[White "Migot, Tangi"]
[Black "Libiszewski, Fabien"]
[Result "0-1"]
[ECO "C11"]
[WhiteElo "2399"]
[BlackElo "2523"]
[Annotator "RR"]
[PlyCount "71"]
[EventDate "2015.10.24"]
[EventType "swiss"]
[EventRounds "9"]
[EventCountry "FRA"]
[SourceTitle "CBM 169 Extra"]
[Source "ChessBase"]
[SourceDate "2015.12.18"]
[SourceVersion "1"]
[SourceVersionDate "2015.12.18"]
[SourceQuality "1"]
[TimeControl "40/5400+30:1800+30"]
[WhiteClock "0:00:50"]
[BlackClock "0:03:29"]

1. e4 e6 2. d4 d5 3. Nc3 Nf6 (3... Bb4) 4. e5 Nfd7 5. f4 c5 6. Nf3 Be7 {[%emt 0:00:49] Nc6 est plus courant mais c'est
probablement une simple transposition} (6... Nc6 7. Be3 a6 8. Qd2 Qc7 9. dxc5
Bxc5 10. Bxc5 Nxc5 11. O-O-O O-O 12. Qe3 b6 13. Bd3 Nxd3+ 14. Rxd3 Na5 15. b3
Bb7 16. Nd4 Rac8 17. Kb1 b5 18. Qh3 b4 19. Nce2 Kh8 20. g4 Nc6 21. Qh4 Qe7 22.
g5 f5 23. Rh3 h6 24. Rg1 Nxd4 25. Nxd4 Rc3 26. gxh6 g5 27. fxg5 {1-0 (27)
Anand,V (2803)-Zvjaginsev,V (2660) Berlin 2015}) 7. Be3 O-O (7... Nc6 {Aurait transposé dans les grandes lignes}) 8. Be2 b6 {[%emt 0:02:15] Une nouveauté dans cet ordre de coups} 9.
O-O Nc6 10. Qe1 $5 {[%emt 0:00:49] Joué
rapidement par le breton alors que le GMI n'avait jamais joué cette ligne
selon les bases.} (10. Qd2 f5 11. exf6 Nxf6 12. Kh1 Bb7 13. Rad1 Rc8 $132 {
Hjartarson,J (2547)-Short,N (2655) Nuuk m rapid 2016 (4) 0-1}) 10... f5 (10... f6) 11. Kh1 $6 {[%emt 0:06:58][%cal Gg2g4,Gf1g1] Un
plan risqué} (11. exf6 $142 Nxf6 12. h3 (12. Bb5 Nb4 13. Rc1 a6) 12... a6 13.
Rd1 $14 {Andriasian,Z (2628)-Lou,Y (2466) World University-ch 13th 2014 (3) 1/2
}) 11... cxd4 $146 (11... Kh8 12. Rd1 Ndb8 13. Qf2 cxd4 14.
Nxd4 Nxd4 15. Bxd4 Nc6 16. Be3 Na5 17. Nb5 Ba6 18. b3 Qd7 19. a4 Rac8 20. Bd3
Nc6 21. c4 Nb4 22. Bb1 Qb7 23. Rc1 dxc4 24. bxc4 Rfd8 25. Qe2 Nc6 26. h3 Na5
27. Qa2 Qd7 28. Kh2 Rc6 29. Qe2 Nb3 30. Rcd1 Qe8 31. Rxd8 Bxd8 32. Rd1 Na5 33.
Nd6 Rxd6 34. exd6 Bxc4 35. d7 Qe7 36. Bd3 Bb3 37. Bc2 Bd5 38. Bxf5 Qxd7 39. Be4
Bf6 40. Qh5 g6 41. Qh6 {Djurovic,G (2391)-Martinsen,S (2164) Malinska 2013 1-0}
) 12. Nxd4 Nxd4 13. Bxd4 Nc5 14. g4 Bb7 $1 15. Rd1 $1 {[%emt 0:16:40] Les Blancs doivent surcontroler la case
"d4" pour éviter les problèmes tactiques avec le vis-à-vis du Bb7 et du Kh1}
Bh4 $1 $11 16. Qd2 Qe7 17.
Qe3 fxg4 18. Bxg4 Rf7 19. Qh3 $1 Raf8 20. f5 {[%emt 0:06:46] La percée thématique dans une française mais
les pièces Blanches sont un peu désorganisées pour attaquer à l'aile-roi}
exf5 21. Rxf5 (21. Bh5 g6 22. Bf3 $44) 21...
Rxf5 22. Bxf5 g6 23. Rg1 $6 Bf2 $1 $40 {[%emt 0:02:46][%csl Gb7,Rh1] Attaquant le talon
d'Achille des Blancs} 24. Bxc5 (24. Bxf2 d4+ )
24... d4+ 25. Ne4 bxc5 26.
Rg2 Be3 $17 27. Nf6+ Rxf6 $1 28. exf6 Qxf6 29. Bd3 Qc6 30. b3 Kg7 31. Qg3 Bf4 $1 32. Qf2 g5 $19 33. Bf1 Qh6 34. h4 Qe6 35. a4 Kh8 36. Bd3 0-1